 Dungeon Crawl Stone Soup version 0.26-a0-53-g45f243fec8 (webtiles) character file.

Game seed: 16717417417088503389

199 MarredHen the Stinger (level 5, 0/37 HPs)
             Began as a Gnoll Venom Mage on June 7, 2020.
             Succumbed to a hobgoblin's poison
             ... on level 3 of the Dungeon.
             The game lasted 00:03:05 (1889 turns).

MarredHen the Stinger (Gnoll Venom Mage)            Turns: 1889, Time: 00:03:06

Health: 0/37       AC:  4    Str: 10    XL:     5   Next: 77%
Magic:  5/12       EV: 15    Int: 19    God:
Gold:   130        SH:  0    Dex: 15    Spells: 13/14 levels left

rFire    + . .     SeeInvis +   f - +0 short sword
rCold    + . .     Gourm    .   (no shield)
rNeg     . . .     Faith    .   g - +0 robe {rC+ rF+}
rPois    .         Spirit   .   a - +2 hat {SInv}
rElec    .         Reflect  .   (no cloak)
rCorr    .         Harm     .   (no gloves)
MR       .....                  (no boots)
Stlth    +++.......             (no amulet)
HPRegen  0.12/turn              (no ring)
MPRegen  0.13/turn              (no ring)

@: lethally poisoned (0 -> -18), stab, very slightly contaminated
A: distributed training, fangs 1, strong nose
a: no special abilities


You were on level 3 of the Dungeon.
You were not hungry.

You visited 1 branch of the dungeon, and saw 3 of its levels.

You collected 130 gold pieces.

Inventory:

Hand Weapons
 f - a +0 short sword (weapon)
Armour
 a - a +2 hat of see invisible (worn)
 g - a +0 robe of resistance (worn)
Scrolls
 e - a scroll of magic mapping {unknown}
 i - 3 scrolls of teleportation {unknown}
 j - 3 scrolls of remove curse {unknown}
 l - a scroll of noise {unknown}
 m - 2 scrolls of identify
Potions
 b - a potion of heal wounds {unknown}
 d - a potion of brilliance {unknown}
 h - a potion of curing {unknown}
 k - a potion of invisibility {unknown}
Comestibles
 c - 4 rations


   Skills:
 + Level 1.6 Fighting
 + Level 1.6 Short Blades
 + Level 1.6 Long Blades
 + Level 1.6 Axes
 + Level 1.6 Maces & Flails
 + Level 1.6 Polearms
 + Level 1.6 Staves
 + Level 1.6 Slings
 + Level 1.6 Bows
 + Level 1.6 Crossbows
 + Level 1.6 Throwing
 + Level 1.6 Armour
 + Level 4.8 Dodging
 + Level 4.4 Stealth
 + Level 1.6 Shields
 + Level 1.6 Unarmed Combat
 + Level 5.2 Spellcasting
 + Level 1.2 Conjurations
 + Level 1.2 Hexes
 + Level 1.2 Charms
 + Level 1.2 Summonings
 + Level 1.2 Necromancy
 + Level 1.2 Translocations
 + Level 2.4 Transmutations
 + Level 1.2 Fire Magic
 + Level 1.2 Ice Magic
 + Level 1.2 Air Magic
 + Level 1.2 Earth Magic
 + Level 5.5 Poison Magic
 + Level 1.8 Invocations
 + Level 1.6 Evocations


You had 13 spell levels left.
You knew the following spells:

 Your Spells              Type           Power        Failure   Level  Hunger
a - Sting                 Tmut/Pois      ###.         2%          1    None

Your spell library contained the following spells:

 Spells                   Type           Power        Failure   Level  Hunger
 Poisonous Vapours        Pois/Air       ###...       4%          2    #......
 Ignite Poison            Fire/Tmut/Pois ###.....     10%         3    ##.....
 Mephitic Cloud           Conj/Pois/Air  ###.....     12%         3    ##.....
 Olgreb's Toxic Radiance  Pois           ####....     12%         4    ####...


Dungeon Overview and Level Annotations

Branches:
Dungeon (3/15)

Altars:


Innate Abilities, Weirdness & Mutations

Your experience applies equally to all skills.
You have very sharp teeth.
Your uncanny sense of smell can sniff out nearby items.


Message History

* * * LOW HITPOINT WARNING * * *
You feel sick.
The hobgoblin throws a poisoned dart.
The poisoned dart closely misses you.
* * * LOW HITPOINT WARNING * * *
You feel sick.
The hobgoblin throws a poisoned dart.
The poisoned dart hits you!
You are more poisoned.
You see here a poisoned dart.
* * * LOW HITPOINT WARNING * * *
You feel sick.
You kill the orc!
The hobgoblin throws a poisoned dart.
The poisoned dart barely misses you.
Things that are here:
3 poisoned darts; a bat corpse
* * * LOW HITPOINT WARNING * * *
You feel sick.
Okay, then.
It was a potion of stabbing.
You feel ready to backstab.
You die...

#..# ###..#######
..###....<.....#
#...#.#..#####.#
...[.....# #.# #########
.#..#.#..# #.# #[..†...#
#..#.#.(#####.####.#####.#
#......[J....).....#####.#
#.##.#.(#@))))...........#
.......(#.###.############
#.......#.# #.#
####g#.##.# #.# #S#. #.#
#.# %... #.# #.. ....% ...
..# .. #.. .#. .## #..


You could see an ooze.

Vanquished Creatures
  An ogre (D:2)
  An orc priest (D:3)
  An orc wizard (D:3)
  2 adders (D:3)
  3 orcs (D:3)
  A giant cockroach (D:2)
  6 goblins
  8 hobgoblins
  3 jackals
  A ball python (D:2)
  7 bats
  4 frilled lizards
  A jackal skeleton (D:2)
  4 kobolds
  4 rats
47 creatures vanquished.

Notes
Turn   | Place    | Note
-------+----------+-------------------------------------------
     0 | D:1      | MarredHen the Gnoll Venom Mage began the quest for the Orb.
     0 | D:1      | Reached XP level 1. HP: 13/13 MP: 6/6
   258 | D:1      | Reached XP level 2. HP: 19/19 MP: 4/7
   929 | D:2      | Reached XP level 3. HP: 25/25 MP: 3/9
   949 | D:2      | Reached skill level 5 in Spellcasting
  1389 | D:2      | Noticed an ogre
  1401 | D:2      | Killed an ogre
  1401 | D:2      | Reached skill level 1 in Fighting
  1401 | D:2      | Reached skill level 1 in Short Blades
  1401 | D:2      | Reached skill level 1 in Long Blades
  1401 | D:2      | Reached skill level 1 in Axes
  1401 | D:2      | Reached skill level 1 in Maces & Flails
  1401 | D:2      | Reached skill level 1 in Polearms
  1401 | D:2      | Reached skill level 1 in Staves
  1401 | D:2      | Reached skill level 1 in Slings
  1401 | D:2      | Reached skill level 1 in Bows
  1401 | D:2      | Reached skill level 1 in Crossbows
  1401 | D:2      | Reached skill level 1 in Throwing
  1401 | D:2      | Reached skill level 1 in Armour
  1401 | D:2      | Reached skill level 1 in Shields
  1401 | D:2      | Reached skill level 1 in Unarmed Combat
  1401 | D:2      | Reached skill level 1 in Conjurations
  1401 | D:2      | Reached skill level 1 in Hexes
  1401 | D:2      | Reached skill level 1 in Charms
  1401 | D:2      | Reached skill level 1 in Summonings
  1401 | D:2      | Reached skill level 1 in Necromancy
  1401 | D:2      | Reached skill level 1 in Translocations
  1401 | D:2      | Reached skill level 1 in Fire Magic
  1401 | D:2      | Reached skill level 1 in Ice Magic
  1401 | D:2      | Reached skill level 1 in Air Magic
  1401 | D:2      | Reached skill level 1 in Earth Magic
  1401 | D:2      | Reached skill level 1 in Invocations
  1401 | D:2      | Reached skill level 1 in Evocations
  1401 | D:2      | Reached XP level 4. HP: 19/32 MP: 8/11
  1401 | D:2      | Reached XP level 5. HP: 22/37 MP: 8/12
  1889 | D:3      | Succumbed to a hobgoblin's poison

Illustrated notes

Levels and vault maps discovered:
D:1:      dpeg_arrival_rhombus, layout_rooms, serial_glass, glass_columns_b,
          glass_columns_c, minmay_pentomino_v2
D:2:      layout_rooms
D:3:      layout_loops_ring, gammafunk_temple_overflow_claw, first_ration,
          minmay_misc_feat_iff

Skill      XL: |  1  2  3 |
---------------+----------+-----
Transmutations | 2 |  2.4
Spellcasting   | 5 |  5.2
Fighting       | 1 |  1.6
Short Blades   | 1 |  1.6
Long Blades    | 1 |  1.6
Axes           | 1 |  1.6
Maces & Flails | 1 |  1.6
Polearms       | 1 |  1.6
Staves         | 1 |  1.6
Slings         | 1 |  1.6
Bows           | 1 |  1.6
Crossbows      | 1 |  1.6
Throwing       | 1 |  1.6
Armour         | 1 |  1.6
Shields        | 1 |  1.6
Unarmed Combat | 1 |  1.6
Conjurations   | 1 |  1.2
Hexes          | 1 |  1.2
Charms         | 1 |  1.2
Summonings     | 1 |  1.2
Necromancy     | 1 |  1.2
Translocations | 1 |  1.2
Fire Magic     | 1 |  1.2
Ice Magic      | 1 |  1.2
Air Magic      | 1 |  1.2
Earth Magic    | 1 |  1.2
Invocations    | 1 |  1.8
Evocations     | 1 |  1.6
Dodging        | |  4.8
Stealth        | |  4.4
Poison Magic   | |  5.5

Action                   |  1- 3 |  4- 6 || total
-------------------------+-------+-------++-------
Melee: Unarmed           |    10 |       ||    10
       Short sword       |     2 |    24 ||    26
       Bite              |       |     5 ||     5
 Cast: Sting             |    53 |    25 ||    78
  Use: Scroll            |       |     1 ||     1
       Potion            |       |     1 ||     1
  Eat: Chunk             |     1 |     1 ||     2
       Ration            |       |     1 ||     1
Armor: Robe              |     5 |     5 ||    10
Dodge: Dodged            |    35 |    48 ||    83

Table legend:
 A = Non-vault XP
 B = Vault XP
 C = Vault XP percentage of total XP
 D = Non-vault monster count
 E = Vault monster count
 F = Vault count percentage of total count
                 A         B        C        D         E       F
            +---------+---------+-------+---------+---------+-------
      Total |     282 |       3 |   1.1 |      45 |       2 |   4.3
            +---------+---------+-------+---------+---------+-------
        D:1 |      25 |       3 |  10.7 |      15 |       2 |  11.8
        D:2 |     144 |       0 |   0.0 |      20 |       0 |   0.0
        D:3 |     113 |       0 |   0.0 |      10 |       0 |   0.0
            +---------+---------+-------+---------+---------+-------
